 Dungeon Crawl Stone Soup version 0.23-a0-577-g2b1de94 (webtiles) character file.

51 Lavandula the Cutter (level 4, 0/27 HPs)
             Began as a Halfling Enchanter on Dec 14, 2018.
             Slain by an adder (1 damage)
             ... on level 3 of the Dungeon.
             The game lasted 00:03:25 (747 turns).

Lavandula the Cutter (Halfling Enchanter)            Turns: 747, Time: 00:03:26

Health: 0/27       AC:  2    Str:  9    XL:     4   Next: 7%
Magic:  6/6        EV: 15    Int: 19    God:
Gold:   43         SH:  0    Dex: 14    Spells: 3/6 levels left

rFire    . . .     SeeInvis .   a - +1 dagger
rCold    . . .     Gourm    .   (shield restricted)
rNeg     . . .     Faith    .   b - +0 robe
rPois    .         Spirit   .   (no helmet)
rElec    .         Reflect  .   (no cloak)
rCorr    .         Harm     .   (no gloves)
MR       .....                  (no boots)
Stlth    ++........             (no amulet)
HPRegen  0.09/turn              (no ring)
MPRegen  0.10/turn              (no ring)

@: brilliant, lethally poisoned (0 -> -6), very slightly contaminated
A: small, mutation resistance 1
a: no special abilities


You were on level 3 of the Dungeon.
You were not hungry.

You visited 1 branch of the dungeon, and saw 3 of its levels.

You collected 43 gold pieces.

Inventory:

Hand Weapons
 a - a +1 dagger (weapon)
Armour
 b - a +0 robe (worn)
Scrolls
 e - a scroll of amnesia {unknown}
 f - a scroll of magic mapping {unknown}
 h - a scroll of identify {unknown}
 j - a scroll of enchant armour {unknown}
 k - a scroll of remove curse {unknown}
Comestibles
 d - 5 rations


   Skills:
 + Level 4.3 Short Blades
 - Level 2.1 Dodging
 - Level 3.2 Stealth
 - Level 1.5 Spellcasting
 - Level 2.4 Hexes


You had 3 spell levels left.
You knew the following spells:

 Your Spells              Type           Power        Failure   Level  Hunger
a - Corona                Hex            ###....      1%          1    ##.....
b - Ensorcelled Hibernat  Hex/Ice        ###...       1%          2    ###....

Your spell library contained the following spells:

 Spells                   Type           Power        Failure   Level  Hunger
 Confuse                  Hex            ###.....     2%          3    ####...
 Tukima's Dance           Hex            ###.....     2%          3    ####...
 Dazzling Spray           Conj/Hex       ###...       4%          3    ####...


Dungeon Overview and Level Annotations

Branches:
Dungeon (3/15)

Altars:

Annotations:
D:2 Robin


Innate Abilities, Weirdness & Mutations

You are small and have problems with some larger weapons.
You are somewhat resistant to further mutation.


Message History

The adder is heavily wounded.
The adder barely misses you.
You hit the adder.
The adder is severely wounded.
* * * LOW HITPOINT WARNING * * *
You feel sick. The adder misses you.
You closely miss the adder.
The adder is severely wounded.
The adder barely misses you.
You closely miss the adder.
The adder is severely wounded.
* * * LOW HITPOINT WARNING * * *
You feel sick. The adder closely misses you.
You hit the adder.
The adder is almost dead.
The adder closely misses you.
You hit the adder.
The adder is almost dead.
The adder bites you.
You die...

.#.# ###....# .#.#
#....### # .#.#
#....##.# .## .#.#
#..#.. #.# ...#
.#.#####.##. #.####...#
.#.......#.. #.<......#
.....[...#.####........#
†...........(..<.S.....#
.........######.@.....##
.....)...# ###.......#
.........# #...####..#
.........# ##.### ....
...###...###..# b...
..####.......## ...
.......#.##### ###
.......#.#
######...#####


You could see an adder.

Vanquished Creatures
  Terence (D:2)
  An ooze (D:1)
  2 dart slugs
  5 goblins
  A ball python (D:2)
  4 bats
  3 frilled lizards (D:2)
  2 kobolds (D:2)
  A rat (D:1)
20 creatures vanquished.

Notes
Turn   | Place    | Note
-------+----------+-------------------------------------------
     0 | D:1      | Lavandula the Halfling Enchanter began the quest for the
                  | Orb.
     0 | D:1      | Reached XP level 1. HP: 11/11 MP: 3/3
    57 | D:2      | Reached skill level 2 in Short Blades
    75 | D:2      | Reached XP level 2. HP: 14/17 MP: 0/4
   182 | D:2      | Learned a level 2 spell: Ensorcelled Hibernation
   294 | D:2      | Noticed Terence
   325 | D:2      | Killed Terence
   325 | D:2      | Reached skill level 4 in Short Blades
   325 | D:2      | Reached XP level 3. HP: 9/21 MP: 0/5
   449 | D:2      | Noticed Robin
   607 | D:3      | Reached XP level 4. HP: 20/27 MP: 4/6
   743 | D:3      | HP: 1/27 [poisoned by an adder]
   747 | D:3      | Slain by an adder

Vault maps used:
D:1:      enne_arrival_octagon_isle
D:2:      minmay_lizard_pond, uniq_terence, uniq_robin
D:3:      first_ration, uniq_grinder

Skill      XL: |  1  2 |
---------------+-------+-----
Short Blades   | 2 4 |  4.3
Dodging        | |  2.1
Stealth        | |  3.2
Spellcasting   | |  1.5
Hexes          | |  2.4

Action                   |  1- 3 |  4- 6 || total
-------------------------+-------+-------++-------
Melee: Dagger            |    76 |    38 ||   114
 Cast: Corona            |     4 |       ||     4
       Ensorcelled Hiber |     3 |     1 ||     4
  Use: Potion            |       |     3 ||     3
 Stab: Sleeping          |     4 |       ||     4
Armor: Robe              |    15 |     4 ||    19
Dodge: Dodged            |    48 |    25 ||    73

Table legend:
 A = Non-vault XP
 B = Vault XP
 C = Vault XP percentage of total XP
 D = Non-vault monster count
 E = Vault monster count
 F = Vault count percentage of total count
                 A         B        C        D         E       F
            +---------+---------+-------+---------+---------+-------
      Total |      31 |      43 |  58.1 |      14 |       6 |  30.0
            +---------+---------+-------+---------+---------+-------
        D:1 |      15 |       0 |   0.0 |       5 |       0 |   0.0
        D:2 |       5 |      39 |  88.6 |       4 |       4 |  50.0
        D:3 |      11 |       4 |  26.7 |       5 |       2 |  28.6
            +---------+---------+-------+---------+---------+-------
